[Event "Titled Tuesday Blitz March 14 Early 2023"]
[White "Kornyukov, Alexey"]
[Black "Rosen, Eric"]
[WhiteFideId "4150457"]
[BlackFideId "2032562"]
[WhiteElo "2352"]
[BlackElo "2331"]
[Result "1-0"]
[Round "01"]
[TimeControl "180+2"]
[Date "2023.03.14"]
[WhiteClock "0:00:08"]
[BlackClock "0:00:04"]

1. e4 c5 2. Nf3 Nc6 3. c3 d5 4. exd5 Qxd5 5. d4 Nf6 6. Be2 e6 7. O-O Be7 8. Be3 cxd4 9. cxd4 O-O 10. Nc3 Qd6 11. Qd2 Nb4 12. Bf4 Qd8 13. a3 Nbd5 14. Nxd5 Nxd5 15. Bg3 b6 16. Rac1 Bb7 17. Ne5 Bd6 18. Bf3 Qe7 19. Rfe1 Rfd8 20. h3 Nf6 21. Nc6 Bxc6 22. Rxc6 Bxg3 23. fxg3 Rac8 24. Rec1 Rxc6 25. Rxc6 Qd7 26. Kh2 h6 27. Qc3 Qxd4 28. Rc8 Qd7 29. Rc7 Qa4 30. Bc6 Qa6 31. b4 Qf1 32. Bf3 Nd5 33. Bxd5 Rxd5 34. Rc8+ Kh7 35. Qc2+ g6 36. Rc7 Kg7 37. Qc3+ e5 38. Rxa7 Qe2 39. Rc7 Rd2 40. Qc6 e4 41. Qc3+ Kf8 42. Qh8# 1-0


[Site "https://www.chess.com"]

[Event "Titled Tuesday Blitz March 14 Early 2023"]
[White "Demin, Vladimir"]
[Black "Rodriguez Santiago, Jaime"]
[WhiteFideId "4167457"]
[BlackFideId "3100898"]
[WhiteElo "2612"]
[BlackElo "2025"]
[Result "1-0"]
[Round "01"]
[TimeControl "180+2"]
[Date "2023.03.14"]
[WhiteClock "0:00:39"]
[BlackClock "0:00:17"]

1. e4 c6 2. d4 d5 3. e5 Bf5 4. h4 h5 5. Bd3 Bxd3 6. Qxd3 Qa5+ 7. Nd2 e6 8. Nf3 Nh6 9. O-O c5 10. Nb3 Qa6 11. Nxc5 Bxc5 12. dxc5 Qxd3 13. cxd3 Nc6 14. d4 Nf5 15. Be3 a5 16. b3 a4 17. Rfb1 axb3 18. axb3 Kd7 19. Kf1 Nb4 20. Ke2 Nc2 21. Rxa8 Rxa8 22. Kd2 Ncxe3 23. fxe3 Ra2+ 24. Kd3 Rxg2 25. b4 Rg3 26. Ke2 Rg2+ 27. Kd3 Rg3 28. Rf1 Kc6 29. Ke2 Kb5 30. Kf2 Rg4 31. Ng5 Nxh4 32. Nxf7 Rg2+ 33. Ke1 Kxb4 34. Nd6 g5 35. Rf2 Rg1+ 36. Ke2 g4 37. Nxb7 g3 38. Rf8 g2 39. Rg8 Ra1 40. c6 g1=Q 41. Rxg1 Rxg1 42. c7 Rc1 43. Nc5 Rc2+ 44. Kd1 Rxc5 45. dxc5 Kxc5 46. c8=Q+ Kb5 47. Qxe6 Kc4 48. Qc6+ 1-0


[Site "https://www.chess.com"]

[Event "Titled Tuesday Blitz March 14 Early 2023"]
[White "Chakravarthi Reddy, M"]
[Black "Horobetz, Graham"]
[WhiteFideId "25009532"]
[BlackFideId "2047322"]
[WhiteElo "2201"]
[BlackElo "2611"]
[Result "0-1"]
[Round "01"]
[TimeControl "180+2"]
[Date "2023.03.14"]
[WhiteClock "0:00:06"]
[BlackClock "0:00:05"]

1. c4 c5 2. Nf3 g6 3. d4 cxd4 4. Nxd4 Nf6 5. Nc3 d6 6. e4 Nc6 7. Be2 Nxd4 8. Qxd4 Bg7 9. Be3 O-O 10. Qd2 a5 11. f3 Bd7 12. Kf2 Bc6 13. Rhd1 Nd7 14. Rac1 Nc5 15. Kg1 Be5 16. Nd5 e6 17. Nc3 Qh4 18. g3 Qe7 19. f4 Bxc3 20. bxc3 Nxe4 21. Qc2 Nc5 22. Qd2 Rad8 23. g4 Qh4 24. Rf1 Qh3 25. Bd1 Ne4 26. Qe2 d5 27. c5 Nf6 28. g5 Ne4 29. Qf3 Qxf3 30. Bxf3 a4 31. Bd4 Ra8 32. a3 Nd2 33. Rf2 Nc4 34. Ra1 Ra5 35. Be2 Bb5 36. Bxc4 Bxc4 37. Rb2 Bb3 38. Re1 Rc8 39. h4 h5 40. gxh6 Kh7 41. Re5 Kxh6 42. Kf2 Rc6 43. Ke3 Rcxc5 44. Bxc5 Rxc5 45. Kd3 Rc4 46. Rf2 Re4 47. h5 Rxe5 48. fxe5 gxh5 49. Rxf7 h4 50. Rf6+ Kg5 51. Ke2 h3 52. Kf2 d4 53. Kg3 dxc3 54. Kxh3 c2 55. Rf1 Ba2 56. Rc1 Bb1 57. Rf1 Ba2 58. Rc1 Bb3 59. Rf1 Bc4 60. Rc1 Bd3 61. Re1 Kf5 62. Kg3 Be2 63. Kf2 Bd1 0-1


[Site "https://www.chess.com"]

[Event "Titled Tuesday Blitz March 14 Early 2023"]
[White "Maksimenko, Viktor"]
[Black "Ardila, Oscar Humberto"]
[WhiteFideId "13710478"]
[BlackFideId "4404742"]
[WhiteElo "2277"]
[BlackElo "1911"]
[Result "1-0"]
[Round "01"]
[TimeControl "180+2"]
[Date "2023.03.14"]
[WhiteClock "0:00:28"]
[BlackClock "0:00:02"]

1. d4 Nf6 2. c4 g6 3. Nc3 Bg7 4. e4 O-O 5. h3 d6 6. Be3 Nbd7 7. Nf3 e5 8. d5 Nc5 9. Nd2 c6 10. Be2 cxd5 11. cxd5 Bd7 12. O-O Rc8 13. Rc1 Qe7 14. b4 Na6 15. Qb3 Ra8 16. Nc4 Rfc8 17. Na5 Be8 18. a3 Nh5 19. Bxh5 gxh5 20. a4 Bf6 21. Nb5 Bxb5 22. axb5 Nc7 23. Qd3 Qd7 24. Nxb7 Qxb5 25. Qxb5 Nxb5 26. Na5 Nd4 27. Bxd4 exd4 28. Nc6 a6 29. f4 Re8 30. Rce1 h4 31. e5 dxe5 32. fxe5 Bg5 33. Nxd4 Rab8 34. Nc6 Rb5 35. d6 Bd2 36. Rd1 Bxb4 37. d7 Rf8 38. d8=Q Rxd8 39. Rxd8+ Kg7 40. Rd7 Bc5+ 41. Kh1 Kg6 42. Rdxf7 Rb2 43. Ne7+ Kh5 44. Rxh7+ Kg5 45. Rg7+ Kh6 46. Rg6+ Kh7 47. Rf7+ Kh8 48. Rh6# 1-0


[Site "https://www.chess.com"]

[Event "Titled Tuesday Blitz March 14 Early 2023"]
[White "Quirke, Jeffrey"]
[Black "Prokofiev, Valentyn"]
[WhiteFideId "2013029"]
[BlackFideId "14160161"]
[WhiteElo "2205"]
[BlackElo "2260"]
[Result "0-1"]
[Round "01"]
[TimeControl "180+2"]
[Date "2023.03.14"]
[WhiteClock "0:00:23"]
[BlackClock "0:00:57"]

1. e4 e5 2. Nf3 Nc6 3. Bb5 a6 4. Ba4 Nf6 5. Qe2 b5 6. Bb3 Bc5 7. O-O O-O 8. d3 h6 9. c3 d6 10. h3 Be6 11. Nbd2 Re8 12. Rd1 d5 13. Bc2 d4 14. Nf1 Qd6 15. Ng3 Rad8 16. Nh4 Ne7 17. Kh1 Qd7 18. Kh2 Bb6 19. Rf1 g5 20. Nf3 Ng6 21. Nxg5 Nf4 22. Bxf4 exf4 23. Nxe6 fxg3+ 24. fxg3 Qxe6 25. Bb3 Qe5 26. Qf3 Kg7 27. c4 c5 28. Rf2 b4 29. Raf1 Re6 30. Qe2 Bc7 31. Rf3 Qh5 32. Qf2 Ng4+ 0-1


[Site "https://www.chess.com"]

[Event "Titled Tuesday Blitz March 14 Early 2023"]
[White "Guzman, Christopher"]
[Black "Kiseleva, Arina"]
[WhiteFideId "6405096"]
[BlackFideId "4164989"]
[WhiteElo "2281"]
[BlackElo "1756"]
[Result "1-0"]
[Round "01"]
[TimeControl "180+2"]
[Date "2023.03.14"]
[WhiteClock "0:01:36"]
[BlackClock "0:00:15"]

1. e4 c6 2. d4 d5 3. exd5 cxd5 4. Bd3 Nf6 5. c3 Nc6 6. Bf4 Bg4 7. Qb3 Qb6 8. Na3 e6 9. Ne2 Qxb3 10. axb3 a6 11. b4 Rc8 12. Ng3 g6 13. b5 axb5 14. Nxb5 Bf5 15. Nxf5 gxf5 16. O-O Kd7 17. Ra2 Ne4 18. Rfa1 Nd6 19. f3 Nxb5 20. Bxb5 Bd6 21. Bd2 Kc7 22. Be3 Rhg8 23. b3 Rg6 24. c4 dxc4 25. bxc4 Rcg8 26. c5 Be7 27. Bf4+ Kd7 28. Rd1 Bg5 29. Bxg5 Rxg5 30. d5 exd5 31. Rxd5+ Ke7 32. Bxc6 bxc6 33. Ra7+ Ke6 34. Rd6+ Ke5 35. Re7+ Kf4 36. Rd4# 1-0


[Site "https://www.chess.com"]

[Event "Titled Tuesday Blitz March 14 Early 2023"]
[White "Aanan, Shafiuddin"]
[Black "Shuvalov, Evgenij"]
[WhiteFideId "3242633"]
[BlackFideId "4187237"]
[WhiteElo "1648"]
[BlackElo "2080"]
[Result "0-1"]
[Round "01"]
[TimeControl "180+2"]
[Date "2023.03.14"]
[WhiteClock "0:01:12"]
[BlackClock "0:00:50"]

1. e4 e6 2. d3 d5 3. Nd2 c5 4. Ngf3 Nc6 5. g3 Nf6 6. Bg2 Be7 7. O-O O-O 8. Re1 b5 9. e5 Nd7 10. Nf1 a5 11. h4 a4 12. N1h2 b4 13. a3 bxa3 14. bxa3 Rb8 15. Bf4 Ba6 16. h5 h6 17. Qd2 Re8 18. g4 Nf8 19. g5 hxg5 20. Bxg5 Bxg5 21. Nxg5 Nd4 22. Qf4 Rb7 23. Rac1 Nh7 24. Nxh7 Kxh7 25. Ng4 Nf5 26. h6 Nxh6 27. Nxh6 gxh6 28. c4 Qg5 29. Qxg5 hxg5 30. cxd5 exd5 31. Bxd5 Rd7 32. Bc6 Red8 33. Bxd7 Rxd7 34. Rxc5 Rxd3 35. Ra5 Bb7 36. Rxa4 Kg6 37. Rb4 Bd5 38. a4 Rh3 39. Kf1 Bf3 40. Rb6+ Kg7 0-1


[Site "https://www.chess.com"]

[Event "Titled Tuesday Blitz March 14 Early 2023"]
[White "Skatchkov, Pavel"]
[Black "Bennett, David"]
[WhiteFideId "4121848"]
[BlackFideId "2028271"]
[WhiteElo "2476"]
[BlackElo "2131"]
[Result "1-0"]
[Round "01"]
[TimeControl "180+2"]
[Date "2023.03.14"]
[WhiteClock "0:01:50"]
[BlackClock "0:00:06"]

1. d4 b6 2. e4 Bb7 3. Bd3 e6 4. c4 d6 5. Nc3 Nd7 6. Nge2 g6 7. O-O Bg7 8. f4 f5 9. Be3 Ngf6 10. e5 Ng4 11. Bc1 a6 12. h3 Nh6 13. d5 dxe5 14. fxe5 Nxe5 15. Nd4 Bc8 16. Re1 Nhf7 17. Nxe6 Bxe6 18. dxe6 Qxd3 19. exf7+ Kxf7 20. Bf4 Rhe8 21. Bxe5 Qxd1 22. Raxd1 Rxe5 23. Rd7+ Kg8 24. Rxg7+ 1-0


[Site "https://www.chess.com"]

[Event "Titled Tuesday Blitz March 14 Early 2023"]
[White "Quispe Santacruz, Javier"]
[Black "Filgueira, Hernan"]
[WhiteFideId "3800920"]
[BlackFideId "101770"]
[WhiteElo "1875"]
[BlackElo "2363"]
[Result "0-1"]
[Round "01"]
[TimeControl "180+2"]
[Date "2023.03.14"]
[WhiteClock "0:00:04"]
[BlackClock "0:00:58"]

1. d4 d6 2. c4 e5 3. Nf3 e4 4. Nfd2 f5 5. Nc3 Nf6 6. g3 g6 7. Bg2 Bg7 8. O-O O-O 9. b4 a5 10. b5 Re8 11. Bb2 Nbd7 12. e3 Nf8 13. a4 h5 14. Nb3 h4 15. Nd5 N8h7 16. f3 hxg3 17. hxg3 exf3 18. Bxf3 Ne4 19. Kg2 c6 20. Nc3 Nxc3 21. Bxc3 Rxe3 22. Be1 Bd7 23. Bf2 Re8 24. Rh1 Ng5 25. Be2 Qe7 26. Bd3 Qf7 0-1


[Site "https://www.chess.com"]

[Event "Titled Tuesday Blitz March 14 Early 2023"]
[White "Bongo Akanga Ndjila, Barthelemy"]
[Black "Garv Gaur"]
[WhiteFideId "10609431"]
[BlackFideId "45030839"]
[WhiteElo "1768"]
[BlackElo "2068"]
[Result "0-1"]
[Round "01"]
[TimeControl "180+2"]
[Date "2023.03.14"]
[WhiteClock "0:00:14"]
[BlackClock "0:00:35"]

1. d4 Nf6 2. c4 e6 3. Nf3 b6 4. a3 Bb7 5. Nc3 d5 6. cxd5 Nxd5 7. Qc2 c5 8. e4 Nxc3 9. bxc3 Nc6 10. Be3 Rc8 11. Qa4 Qc7 12. Ba6 Bxa6 13. Qxa6 Bd6 14. O-O O-O 15. e5 Be7 16. Rac1 Na5 17. Qe2 Nb3 18. Rb1 c4 19. Qa2 b5 20. a4 a6 21. axb5 axb5 22. Qe2 Ra8 23. Nd2 Ra2 24. Qd1 Nxd2 25. Bxd2 b4 26. cxb4 c3 27. Rc1 Bxb4 28. Be3 c2 29. Qg4 Kh8 30. d5 Ba3 31. d6 Qc6 32. Qg5 Bxc1 33. Bxc1 f6 34. exf6 gxf6 35. Qh6 Qxd6 36. Bf4 Qe7 37. Rc1 e5 38. Be3 Rd8 39. g4 Rd1+ 40. Kg2 Rxc1 41. Bxc1 Ra4 42. h3 Rd4 43. g5 Qg7 44. Qh5 Rd8 45. h4 fxg5 46. hxg5 Rf8 47. g6 Qxg6+ 48. Qxg6 hxg6 49. Kf1 Rd8 50. Ke2 Rd1 51. Bb2 c1=Q 52. Bxe5+ Kg8 0-1


[Site "https://www.chess.com"]

[Event "Titled Tuesday Blitz March 14 Early 2023"]
[White "Kalashian, David"]
[Black "Samarth, J Rao"]
[WhiteFideId "13302418"]
[BlackFideId "46652370"]
[WhiteElo "2490"]
[BlackElo "1564"]
[Result "1-0"]
[Round "01"]
[TimeControl "180+2"]
[Date "2023.03.14"]
[WhiteClock "0:01:32"]
[BlackClock "0:00:12"]

1. e4 c5 2. Nc3 e6 3. Nf3 a6 4. d4 cxd4 5. Nxd4 b5 6. Be2 Bb7 7. Bf3 d6 8. O-O Nd7 9. Re1 Ngf6 10. a4 b4 11. Na2 a5 12. c3 bxc3 13. Nxc3 Be7 14. Ndb5 Ne5 15. Bf4 O-O 16. Qe2 Qb6 17. Rad1 Rfd8 18. g3 Bc6 19. Bg2 Rac8 20. h3 h6 21. Be3 Qb7 22. Bd4 Be8 23. f4 Nc6 24. Bf2 e5 25. f5 Nb4 26. Kh2 Nd7 27. Nxd6 Bxd6 28. Rxd6 Nc5 29. Red1 Rxd6 30. Rxd6 Nxa4 31. Nxa4 Bxa4 32. f6 Rc2 33. Rd8+ Kh7 34. fxg7 Kxg7 35. Qg4+ Kf6 36. Qh4+ Ke6 37. Be1 Nc6 38. Qxh6+ Ke7 39. Qf8+ Kf6 40. Rd6+ Kg5 41. Qh6# 1-0


[Site "https://www.chess.com"]

[Event "Titled Tuesday Blitz March 14 Early 2023"]
[White "Lorenzo De La Riva, Lazaro"]
[Black "Manukyan, Sargis A."]
[WhiteFideId "2268809"]
[BlackFideId "13303970"]
[WhiteElo "2294"]
[BlackElo "2187"]
[Result "0-1"]
[Round "01"]
[TimeControl "180+2"]
[Date "2023.03.14"]
[WhiteClock "0:00:05"]
[BlackClock "0:00:57"]

1. e4 c5 2. Nf3 d6 3. d4 cxd4 4. Nxd4 Nf6 5. Nc3 g6 6. Be3 Bg7 7. f3 O-O 8. Qd2 Nc6 9. O-O-O d5 10. Nxc6 bxc6 11. e5 Nd7 12. f4 e6 13. h4 c5 14. Nxd5 exd5 15. Qxd5 Rb8 16. Bxc5 Re8 17. Bc4 Re6 18. Bxa7 Rb7 19. Be3 Qc7 20. h5 Rb4 21. Bb3 Nf8 22. hxg6 hxg6 23. Qd2 Reb6 24. Bxb6 Qxb6 25. Kb1 Be6 26. Qd6 Qb5 27. Rd4 Rxd4 28. Qxd4 Bf5 29. Qc4 Qb7 30. a4 Be6 31. Qc3 Qxg2 32. Rd1 Bxb3 33. Qxb3 Ne6 34. Qb8+ Kh7 35. Qb3 Nxf4 36. Qe3 g5 37. a5 Qc6 38. Qd2 Bxe5 39. Qh2+ Kg7 40. Qg3 Bf6 41. Rg1 Qb5 42. Qb3 Qxa5 43. Qc4 Qb6 44. c3 Qxg1+ 45. Ka2 Qa7+ 46. Kb1 Qb6 47. b4 Qe6 48. Qf1 Qe4+ 49. Kb2 Qxb4+ 50. Kc2 Qxc3+ 51. Kd1 Qa1+ 52. Kc2 Qxf1 53. Kd2 Qe2+ 54. Kc1 Bb2+ 55. Kb1 Bc3 56. Kc1 Qd2+ 57. Kb1 Qb2# 0-1


[Site "https://www.chess.com"]

[Event "Titled Tuesday Blitz March 14 Early 2023"]
[White "Bews, Steven"]
[Black "Aung Thant Zin"]
[WhiteFideId "2400529"]
[BlackFideId "13000063"]
[WhiteElo "2590"]
[BlackElo "2278"]
[Result "0-1"]
[Round "01"]
[TimeControl "180+2"]
[Date "2023.03.14"]
[WhiteClock "0:00:42"]
[BlackClock "0:00:17"]

1. e4 c5 2. Nf3 Nc6 3. d4 cxd4 4. Nxd4 Nf6 5. Nc3 d6 6. Bg5 e6 7. Qd2 a6 8. O-O-O h6 9. Be3 Bd7 10. f3 b5 11. Kb1 b4 12. Nce2 d5 13. Nxc6 Bxc6 14. Nd4 Bb7 15. e5 Nd7 16. f4 Bc5 17. g4 Qb6 18. h4 O-O-O 19. Bg2 Kb8 20. Rhe1 Rhe8 21. g5 h5 22. g6 f5 23. Bf3 Rh8 24. Rg1 a5 25. Rg5 Rde8 26. Rxh5 Rxh5 27. Bxh5 Qd8 28. Bf2 Qe7 29. Be2 Nb6 30. Bb5 Rh8 31. Qe3 Rc8 32. Qe2 Ka7 33. Nb3 Bxf2 34. Qxf2 a4 35. Na5 Rc5 36. Nxb7 Kxb7 37. Bd3 a3 38. h5 axb2 39. h6 gxh6 40. Rg1 Rc8 41. Qh2 Nc4 42. Qxh6 Na3+ 43. Kxb2 Qc5 44. Rg3 Qc3+ 45. Kc1 Qe1+ 46. Kb2 Qb1# 0-1


[Site "https://www.chess.com"]

[Event "Titled Tuesday Blitz March 14 Early 2023"]
[White "Allam, Yara"]
[Black "Domingo Nunez, Alejandro"]
[WhiteFideId "10615709"]
[BlackFideId "22245561"]
[WhiteElo "1758"]
[BlackElo "2230"]
[Result "0-1"]
[Round "01"]
[TimeControl "180+2"]
[Date "2023.03.14"]
[WhiteClock "0:00:39"]
[BlackClock "0:01:05"]

1. e4 g6 2. d4 Bg7 3. c3 c6 4. Bd3 d5 5. Nd2 dxe4 6. Nxe4 Nf6 7. Nf3 O-O 8. O-O Nbd7 9. Nxf6+ exf6 10. h3 a5 11. Bf4 Nb6 12. Qc2 Nd5 13. Bg3 Be6 14. a3 Qd7 15. Rfe1 Rfd8 16. Nd2 f5 17. Be5 Bxe5 18. Rxe5 c5 19. Nb3 b6 20. Bf1 a4 21. Nd2 cxd4 22. cxd4 Rac8 23. Qd1 Nf6 24. Nf3 Bb3 25. Qd2 Ne4 26. Qb4 Qd6 27. Qb5 f6 0-1


[Site "https://www.chess.com"]

[Event "Titled Tuesday Blitz March 14 Early 2023"]
[White "So, Wesley"]
[Black "Lobanov, Sergei"]
[WhiteFideId "5202213"]
[BlackFideId "24183750"]
[WhiteElo "2739"]
[BlackElo "2489"]
[Result "1-0"]
[Round "02"]
[TimeControl "180+2"]
[Date "2023.03.14"]
[WhiteClock "0:01:35"]
[BlackClock "0:00:56"]

1. e4 e5 2. Nf3 Nc6 3. Bc4 Nf6 4. d3 Bc5 5. c3 d6 6. O-O O-O 7. b4 Bb6 8. a4 a5 9. b5 Ne7 10. Nbd2 Ng6 11. Bb3 c6 12. Nc4 Bc7 13. Bg5 h6 14. b6 Bb8 15. Bxf6 Qxf6 16. Ne3 Ra6 17. Rb1 Qd8 18. d4 exd4 19. Qxd4 Ne5 20. Nxe5 dxe5 21. Qxd8 Rxd8 22. Rfd1 Re8 23. Bc4 Ra8 24. Be2 Kf8 25. c4 c5 26. Rb5 Ra6 27. Bg4 Be6 28. Bxe6 fxe6 29. Rd7 Re7 30. Rd8+ Re8 31. Rxe8+ Kxe8 32. Rxc5 Kd7 33. Rb5 Bd6 34. c5 Be7 35. Nc4 1-0


[Site "https://www.chess.com"]

[Event "Titled Tuesday Blitz March 14 Early 2023"]
[White "Smirnov, Pavel"]
[Black "Nakamura, Hikaru"]
[WhiteFideId "4123425"]
[BlackFideId "2016192"]
[WhiteElo "2519"]
[BlackElo "2879"]
[Result "0-1"]
[Round "02"]
[TimeControl "180+2"]
[Date "2023.03.14"]
[WhiteClock "0:00:49"]
[BlackClock "0:01:42"]

1. d4 g6 2. e4 Bg7 3. Nc3 a6 4. f4 c6 5. Nf3 d5 6. e5 Bg4 7. Be3 e6 8. h3 Bxf3 9. Qxf3 h5 10. Bd3 h4 11. O-O Ne7 12. Ne2 Nf5 13. Bf2 Nd7 14. b3 Bf8 15. c4 Ba3 16. Rfd1 Kf8 17. Kh2 Kg7 18. Rab1 a5 19. Ng1 Qb6 20. c5 Qd8 21. Qe2 b6 22. cxb6 Qxb6 23. Nf3 Be7 24. Rdc1 Rac8 25. Rc2 c5 26. Bxf5 gxf5 27. dxc5 Bxc5 28. Bxh4 Qb4 29. Bg5 Qe4 30. Kh1 Be3 31. Rbb2 Bc1 0-1


[Site "https://www.chess.com"]

[Event "Titled Tuesday Blitz March 14 Early 2023"]
[White "Firouzja, Alireza"]
[Black "Khoroshev, Nikita"]
[WhiteFideId "12573981"]
[BlackFideId "14200287"]
[WhiteElo "2904"]
[BlackElo "2354"]
[Result "1-0"]
[Round "02"]
[TimeControl "180+2"]
[Date "2023.03.14"]
[WhiteClock "0:00:12"]
[BlackClock "0:00:10"]

1. d4 Nf6 2. g3 g6 3. Bg2 Bg7 4. e4 d6 5. Ne2 e5 6. Nbc3 Nc6 7. h3 exd4 8. Nxd4 O-O 9. Be3 Ne5 10. O-O Nc4 11. Bc1 Re8 12. b3 Ne5 13. Bb2 a6 14. a4 Bd7 15. Qd2 Nc6 16. Nde2 h5 17. Rab1 Nb4 18. Nd1 a5 19. f3 Nh7 20. Bxg7 Kxg7 21. Ne3 Be6 22. Nd4 Qg5 23. Kh2 Qc5 24. c4 Nc6 25. Nb5 Nb4 26. Nd5 Bxd5 27. cxd5 Qb6 28. Rbc1 Rac8 29. h4 Re7 30. Rc4 Na6 31. Rfc1 f6 32. Qc3 Nf8 33. Bh3 Rd8 34. Nxc7 Nc5 35. Nb5 Nfd7 36. Nd4 Ne5 37. Rxc5 Qxc5 38. Qxc5 dxc5 39. Rxc5 Rd6 40. Rxa5 Rb6 41. Kg2 Kf7 42. Be6+ Kg7 43. Rc5 Nd3 44. Rc3 Ne5 45. f4 Nf7 46. Kf3 Rb4 47. Ke3 Nd6 48. e5 fxe5 49. fxe5 Nf7 50. Ke4 Nd8 51. Bh3 Nf7 52. Be6 Nd8 53. Rc4 Rxc4 54. bxc4 b6 55. Bh3 Ra7 56. d6 Nf7 57. Be6 Nd8 58. Bd5 Rxa4 59. e6 Ra1 60. e7 Re1+ 61. Kd3 Nf7 62. Ne6+ Rxe6 63. Bxe6 Nxd6 64. Bd7 Kf7 65. e8=Q+ Nxe8 66. Bxe8+ Kxe8 67. Ke4 Kd7 68. Kd5 Kc7 69. Ke6 Kc6 70. Kf6 Kc5 71. Kxg6 Kxc4 72. Kxh5 b5 73. g4 b4 74. g5 Kd5 75. g6 Ke6 76. Kh6 b3 77. g7 Kf7 78. Kh7 b2 79. g8=Q+ Kf6 80. Qg6+ 1-0


[Site "https://www.chess.com"]

[Event "Titled Tuesday Blitz March 14 Early 2023"]
[White "Costachi, Mihnea"]
[Black "Wei, Yi"]
[WhiteFideId "1217518"]
[BlackFideId "8603405"]
[WhiteElo "2456"]
[BlackElo "2686"]
[Result "0-1"]
[Round "02"]
[TimeControl "180+2"]
[Date "2023.03.14"]
[WhiteClock "0:00:01"]
[BlackClock "0:00:11"]

1. d4 Nf6 2. c4 e6 3. Nf3 b6 4. g3 Ba6 5. Qc2 Bb7 6. Bg2 c5 7. d5 exd5 8. cxd5 Nxd5 9. O-O Be7 10. Rd1 Nc6 11. Qf5 Nf6 12. e4 g6 13. Qf4 O-O 14. e5 Nh5 15. Qg4 d6 16. Nc3 Qb8 17. exd6 Bxd6 18. Nd5 Re8 19. Bh6 Ne5 20. Nxe5 Bxe5 21. Re1 Qd6 22. Rad1 Bd4 23. Ne3 Bxg2 24. Nxg2 Qf6 25. Be3 Bxb2 26. Rd7 Qe6 27. Qa4 Nf6 28. Rxa7 Rxa7 29. Qxa7 Qc6 30. Nf4 g5 31. Nd3 Nd5 32. Qa6 Bc3 33. Re2 Bd4 0-1


[Site "https://www.chess.com"]

[Event "Titled Tuesday Blitz March 14 Early 2023"]
[White "Yu, Yangyi"]
[Black "EREBUNI91"]
[WhiteFideId "8603820"]
[WhiteElo "2783"]
[BlackElo "2755"]
[Result "1-0"]
[Round "02"]
[TimeControl "180+2"]
[Date "2023.03.14"]
[WhiteClock "0:00:21"]
[BlackClock "0:01:02"]

1. Nf3 Nf6 2. g3 b6 3. d4 Bb7 4. c4 e6 5. Bg2 Be7 6. O-O O-O 7. h4 d5 8. cxd5 Nxd5 9. Nc3 Nd7 10. Re1 Nxc3 11. bxc3 Be4 12. Bh3 c5 13. Ng5 Bb7 14. e4 cxd4 15. cxd4 h6 16. Nf3 Nf6 17. Qd3 Qd7 18. a4 Rac8 19. Bb2 Qc6 20. d5 Qc2 21. Qxc2 Rxc2 22. Rab1 exd5 23. Nd4 Rc4 24. Nf5 Bb4 25. Bxf6 gxf6 26. Red1 dxe4 27. Bf1 Rc5 28. Nd6 Rd8 29. Rxb4 Rd5 30. Nxb7 Rxd1 31. Nxd8 Rxd8 32. Rxe4 f5 33. Re7 a5 34. Rb7 Rd6 35. Bc4 Rf6 36. f4 1-0


[Site "https://www.chess.com"]

[Event "Titled Tuesday Blitz March 14 Early 2023"]
[White "Garcia Pantoja, Roberto"]
[Black "Caruana, Fabiano"]
[WhiteFideId "3509265"]
[BlackFideId "2020009"]
[WhiteElo "2544"]
[BlackElo "2818"]
[Result "0-1"]
[Round "02"]
[TimeControl "180+2"]
[Date "2023.03.14"]
[WhiteClock "0:00:27"]
[BlackClock "0:00:14"]

1. e4 c5 2. Nf3 e6 3. d4 cxd4 4. Nxd4 a6 5. c4 Nf6 6. Nc3 Qc7 7. Be2 b6 8. O-O Bb7 9. f3 Nc6 10. Be3 Bd6 11. f4 Bc5 12. Qd3 d6 13. Rad1 O-O 14. Nc2 Rad8 15. a3 Ne7 16. Kh1 Ng6 17. b4 Bxe3 18. Nxe3 e5 19. f5 Nf4 20. Qc2 b5 21. Ncd5 Bxd5 22. exd5 Rc8 23. Rc1 Qa7 24. Rf3 bxc4 25. Bxc4 N4xd5 26. Nxd5 Nxd5 27. Qd2 Nf6 28. Rff1 Rfd8 29. Qe2 a5 30. b5 d5 31. Ba2 Qe7 32. Qb2 h5 33. a4 e4 34. Qd4 Qd6 35. Rb1 Ng4 36. g3 Rc2 37. Rb2 Rxb2 38. Qxb2 Qc5 39. Rc1 Qe3 40. b6 Nf2+ 41. Kg2 Qf3+ 42. Kf1 Nd3+ 0-1


[Site "https://www.chess.com"]

[Event "Titled Tuesday Blitz March 14 Early 2023"]
[White "Erigaisi Arjun"]
[Black "Cherniaiev, Tykhon"]
[WhiteFideId "35009192"]
[BlackFideId "14182360"]
[WhiteElo "2737"]
[BlackElo "2450"]
[Result "1-0"]
[Round "02"]
[TimeControl "180+2"]
[Date "2023.03.14"]
[WhiteClock "0:00:18"]
[BlackClock "0:00:08"]

1. c4 e5 2. d3 Nf6 3. Nf3 Nc6 4. a3 a5 5. e3 d5 6. cxd5 Nxd5 7. Be2 Be7 8. O-O O-O 9. Qc2 Be6 10. b3 Qd7 11. Bb2 f6 12. Nbd2 Rad8 13. Rac1 Nb6 14. Ne4 Qd5 15. Nfd2 Kh8 16. Nc5 Bxc5 17. Qxc5 Qxc5 18. Rxc5 Rd5 19. Ne4 Rfd8 20. Rfc1 h6 21. g4 Rxd3 22. Bxd3 Rxd3 23. R5c3 Rxc3 24. Rxc3 Bxg4 25. Nc5 Bc8 26. Rd3 Kg8 27. f4 exf4 28. exf4 Kf7 29. Kf2 Bf5 30. Rd1 Bc8 31. Bc3 Bg4 32. Rd2 Bc8 33. h4 h5 34. a4 Ke8 35. Ke3 Ke7 36. Ke4 Kf7 37. f5 Ke7 38. Kf4 Kf7 39. Rd1 Ne7 40. Bxa5 Nbd5+ 41. Rxd5 Nxd5+ 42. Ke4 Ne7 43. Bxc7 Nxf5 44. Nxb7 Bxb7+ 45. Kxf5 g6+ 46. Kf4 Bc6 47. Bd8 Ke6 48. Ke3 Kf5 49. Kd4 g5 50. Kc5 Be4 51. b4 gxh4 52. b5 Ke6 53. a5 h3 54. Bc7 Kd7 55. Kb6 Kc8 56. a6 Bd3 57. Bf4 Be4 58. Ka7 h2 59. Bxh2 Bd3 60. b6 Be4 61. b7+ Bxb7 62. axb7+ Kd7 63. b8=Q Ke6 64. Kb6 Kf7 65. Kc5 Kg6 66. Kd5 Kh7 67. Ke6 Kg6 68. Qg3+ Kh7 69. Kf7 Kh6 70. Qg7# 1-0


[Site "https://www.chess.com"]

[Event "Titled Tuesday Blitz March 14 Early 2023"]
[White "Schmakel, Sam"]
[Black "Xiong, Jeffery"]
[WhiteFideId "2039311"]
[BlackFideId "2047640"]
[WhiteElo "2356"]
[BlackElo "2726"]
[Result "0-1"]
[Round "02"]
[TimeControl "180+2"]
[Date "2023.03.14"]
[WhiteClock "0:00:10"]
[BlackClock "0:02:07"]

1. d4 d5 2. c4 e6 3. Nc3 Nf6 4. Nf3 dxc4 5. e4 b5 6. e5 Nd5 7. Nxb5 Nb6 8. Be2 Nc6 9. O-O Be7 10. Qd2 Bb7 11. Qf4 Qd7 12. Qg3 O-O-O 13. Rd1 g5 14. b3 a6 15. Nc3 cxb3 16. axb3 Nb4 17. Be3 Rhg8 18. Nd2 Nc2 19. Rac1 Nxd4 20. Bxd4 Qxd4 21. Nc4 Qc5 22. Na4 Rxd1+ 23. Bxd1 Nxa4 24. Nd6+ cxd6 25. Rxc5+ Nxc5 26. exd6 Ne4 27. Qf3 Nxd6 28. Qe3 Kb8 29. h3 Rc8 30. Be2 h6 31. Bd3 Rc3 32. Qd4 Rxb3 33. Bc2 Rb5 34. Qh8+ Kc7 35. Qxh6 Rc5 36. Qh7 a5 37. Qd3 Be4 38. Qd4 Rxc2 39. Qa7+ Nb7 40. Qd4 Bd5 0-1


[Site "https://www.chess.com"]

[Event "Titled Tuesday Blitz March 14 Early 2023"]
[White "Pranav, V"]
[Black "Aradhya, Garg"]
[WhiteFideId "25060783"]
[BlackFideId "25006746"]
[WhiteElo "2500"]
[BlackElo "2263"]
[Result "0-1"]
[Round "02"]
[TimeControl "180+2"]
[Date "2023.03.14"]
[WhiteClock "0:00:01"]
[BlackClock "0:00:33"]

1. e4 e5 2. Nf3 Nc6 3. Bb5 a6 4. Ba4 Nf6 5. O-O Be7 6. d3 b5 7. Bb3 d6 8. c3 O-O 9. Nbd2 Na5 10. Bc2 c5 11. Re1 Nc6 12. Nf1 Re8 13. h3 Bf8 14. Ng3 h6 15. Nh2 d5 16. Qf3 d4 17. a4 dxc3 18. bxc3 b4 19. Bd2 Be6 20. Reb1 c4 21. Nhf1 b3 22. Bd1 Qxd3 23. Qxd3 cxd3 24. Bxb3 Bxb3 25. Rxb3 Na5 26. Rbb1 Nc4 27. Be3 Rac8 28. Rb3 Red8 29. Nd2 Nxe3 30. fxe3 Bc5 31. Kf2 g6 32. Kf3 h5 33. Nh1 Rc6 34. Nf2 Nh7 35. Nd1 f5 36. Rab1 Ng5+ 37. Kg3 Nxe4+ 38. Nxe4 fxe4 39. Rb7 Rf6 40. Rc7 Bd6 41. Rc4 Rf1 42. Rc6 d2 43. Rcb6 Kg7 44. h4 Bc5 45. Rb7+ Kh6 46. a5 Rd3 47. Rc7 Bxe3 48. Nxe3 Rxe3+ 0-1


[Site "https://www.chess.com"]